NCAA
TEXAS LONGHORNS @ COLORADO BUFFALOES
04/19/2028
 
TOP OF THE 1ST
Texas Longhorns batting - Pitching for Colorado Buffaloes : LHP Marcus Chuter
Pitching: LHP Marcus Chuter
Batting: RHB Frank Music 0-0: Ball
1-0: Called Strike
1-1: Ball
2-1: Swinging Strike
2-2: Ball
3-2: Base on Balls
Batting: SHB Fabio Morán 0-0: Ball
1-0: Ball
2-0: Called Strike
2-1: Foul Ball, location: 2F
2-2: Strikes out swinging
Batting: SHB Dave Hickman 0-0: Ball
1-0: Ball
2-0: Called Strike
2-1: Foul Ball, location: 2F
2-2: Foul Ball, location: 2F
2-2: Foul Ball, location: 2F
2-2: SINGLE (Line Drive, 56D)
Frank Music to second
Frank Music to third
Batting: SHB Randy Anderson 0-0: Ball
1-0: Called Strike
1-1: Ball
2-1: Ball
3-1: Base on Balls
Dave Hickman to second
Batting: RHB Gabriel Byram 0-0: Called Strike
0-1: SINGLE (Groundball, 4MD)
Frank Music scores
Dave Hickman to third
Randy Anderson to second
Runner from 3rd tries for Home, SAFE, no throw
Batting: RHB Quentin Barker 0-0: Ground out 6-3 (Groundball, 6S)
Randy Anderson to third
Gabriel Byram to second
Batting: SHB Del McNeill 0-0: Called Strike
0-1: Ball
1-1: Ball
2-1: Called Strike
2-2: Ball
3-2: Base on Balls
Batting: RHB Bob Cooper 0-0: Ball
1-0: SINGLE (Flyball, 8LS)
Randy Anderson scores
Gabriel Byram to third
Del McNeill to second
Runner from 3rd tries for Home, SAFE, no throw
Batting: RHB William Gilmore 0-0: Ball
1-0: Ball
2-0: Ball
3-0: Called Strike
3-1: Base on Balls
Del McNeill to third
Bob Cooper to second
Batting: RHB Frank Music 0-0: Ball
1-0: Called Strike
1-1: Fly out, F7 (Flyball, 78S)
Top of the 1st over - 4 run(s), 3 hit(s), 0 error(s), 3 left on base; Texas 4 - Colorado 0
BOTTOM OF THE 1ST
Colorado Buffaloes batting - Pitching for Texas Longhorns : RHP Terry Mendoza
Pitching: RHP Terry Mendoza
Batting: SHB Justin Collier 0-0: Ball
1-0: Ground out U3 (Groundball, 34)
Batting: RHB Eddie Woods 0-0: Called Strike
0-1: Ball
1-1: SINGLE (Groundball, 56D)
Batting: LHB Claudio Jaramillo 0-0: Fly out, F8 (Flyball, 8LM)
Batting: RHB Preston Manning 0-0: Ball
1-0: Called Strike
1-1: Called Strike
1-2: Strikes out swinging
Bottom of the 1st over - 0 run(s), 1 hit(s), 0 error(s), 1 left on base; Texas 4 - Colorado 0
TOP OF THE 2ND
Texas Longhorns batting - Pitching for Colorado Buffaloes : LHP Marcus Chuter
Batting: SHB Fabio Morán 0-0: Called Strike
0-1: Ball
1-1: Ball
2-1: Ball
3-1: Base on Balls
Batting: SHB Dave Hickman 0-0: Ball
1-0: Called Strike
1-1: Ball
Wild Pitch!
Fabio Morán to second
2-1: Called Strike
2-2: Strikes out swinging
Batting: SHB Randy Anderson 0-0: Called Strike
0-1: Called Strike
0-2: Foul Ball, location: 2F
0-2: Ball
1-2: Foul Ball, location: 2F
1-2: Strikes out looking
Batting: RHB Gabriel Byram 0-0: Ball
1-0: Foul Ball, location: 2F
1-1: Swinging Strike
1-2: Fly out, F9 (Flyball, 9LMF)
Top of the 2nd over - 0 run(s), 0 hit(s), 0 error(s), 1 left on base; Texas 4 - Colorado 0
BOTTOM OF THE 2ND
Colorado Buffaloes batting - Pitching for Texas Longhorns : RHP Terry Mendoza
Batting: LHB Wayne Morgan 0-0: Swinging Strike
0-1: SINGLE (Flyball, 7S)
Batting: RHB Bill Peterson 0-0: Foul Ball, location: 2F
0-1: Called Strike
0-2: Foul Ball, location: 2F
0-2: Ball
1-2: Foul Ball, location: 2F
1-2: Strikes out looking
Batting: RHB Jason Taylor 0-0: Ball
1-0: Ball
2-0: Called Strike
2-1: Foul Ball, location: 2F
2-2: Ball
3-2: Strikes out looking
Batting: SHB Edgardo Guzmán 0-0: Ball
1-0: 2-RUN HOME RUN (Flyball, 9LD), Distance : 331 ft
Batting: RHB Jeff Atkinson 0-0: Hit by Pitch
Batting: SHB Justin Collier 0-0: Foul Ball, location: 2F
0-1: Called Strike
0-2: Strikes out looking
Bottom of the 2nd over - 2 run(s), 2 hit(s), 0 error(s), 1 left on base; Texas 4 - Colorado 2
TOP OF THE 3RD
Texas Longhorns batting - Pitching for Colorado Buffaloes : LHP Marcus Chuter
Batting: RHB Quentin Barker 0-0: Ground out 6-3 (Groundball, 56)
Batting: SHB Del McNeill 0-0: Foul Ball, location: 2F
0-1: Foul Ball, location: 2F
0-2: Ball
1-2: Foul Ball, location: 2F
1-2: Ball
2-2: Strikes out looking
Batting: RHB Bob Cooper 0-0: Foul Ball, location: 2F
0-1: Ball
1-1: Swinging Strike
1-2: Ball
2-2: Foul Ball, location: 2F
2-2: SOLO HOME RUN (Flyball, 7D), Distance : 351 ft
Pitching: LHP David Rodríguez
Batting: RHB William Gilmore 0-0: Ball
1-0: Called Strike
1-1: Foul Ball, location: 2F
1-2: Ball
2-2: Ball
3-2: Base on Balls
Batting: RHB Frank Music 0-0: Foul Ball, location: 2F
0-1: Called Strike
0-2: Ball
1-2: Ball
2-2: Fly out, F5 (Line Drive, 56)
Top of the 3rd over - 1 run(s), 1 hit(s), 0 error(s), 1 left on base; Texas 5 - Colorado 2
BOTTOM OF THE 3RD
Colorado Buffaloes batting - Pitching for Texas Longhorns : RHP Terry Mendoza
Batting: RHB Eddie Woods 0-0: Ground out 5-3 (Groundball, 56)
Batting: LHB Claudio Jaramillo 0-0: Foul Ball, location: 2F
0-1: Ball
1-1: Foul Ball, location: 2F
1-2: Ball
2-2: Foul Ball, location: 2F
2-2: Ball
3-2: Ground out 1-3 (Groundball, 13)
Batting: RHB Preston Manning 0-0: Foul Ball, location: 2F
0-1: Ball
1-1: Ball
2-1: Swinging Strike
2-2: Strikes out swinging
Bottom of the 3rd over - 0 run(s), 0 hit(s), 0 error(s), 0 left on base; Texas 5 - Colorado 2
TOP OF THE 4TH
Texas Longhorns batting - Pitching for Colorado Buffaloes : LHP David Rodríguez
Batting: SHB Fabio Morán 0-0: SINGLE (Line Drive, 6MD)
Batting: SHB Dave Hickman 0-0: Called Strike
0-1: Foul Ball, location: 2F
0-2: Foul Ball, location: 2F
0-2: Foul Ball, location: 2F
0-2: Ball
1-2: Ball
2-2: Grounds into double play, 6-4-3 (Groundball, 6)
Batting: SHB Randy Anderson 0-0: Fly out, F5 (Line Drive, 56)
Top of the 4th over - 0 run(s), 1 hit(s), 0 error(s), 0 left on base; Texas 5 - Colorado 2
BOTTOM OF THE 4TH
Colorado Buffaloes batting - Pitching for Texas Longhorns : RHP Terry Mendoza
Batting: LHB Wayne Morgan 0-0: Ground out 6-3 (Groundball, 56)
Batting: RHB Bill Peterson 0-0: Ball
1-0: Ball
2-0: Ball
3-0: Base on Balls
Batting: RHB Jason Taylor 0-0: Called Strike
0-1: Called Strike
0-2: Strikes out swinging
Batting: SHB Edgardo Guzmán 0-0: Ball
1-0: Ball
2-0: Fly out, F7 (Line Drive, 7S)
Bottom of the 4th over - 0 run(s), 0 hit(s), 0 error(s), 1 left on base; Texas 5 - Colorado 2
TOP OF THE 5TH
Texas Longhorns batting - Pitching for Colorado Buffaloes : LHP David Rodríguez
Batting: RHB Gabriel Byram 0-0: Called Strike
0-1: Ball
1-1: SOLO HOME RUN (Flyball, 9D), Distance : 346 ft
Batting: RHB Quentin Barker 0-0: Ball
1-0: Ball
2-0: Foul Ball, location: 2F
2-1: Ball
3-1: Fly out, F7 (Line Drive, 7LD)
Batting: SHB Del McNeill 0-0: Ball
1-0: SOLO HOME RUN (Flyball, 7D), Distance : 369 ft
Batting: RHB Bob Cooper 0-0: Swinging Strike
0-1: Called Strike
0-2: Ball
1-2: DOUBLE (Line Drive, 8LM)
Batting: RHB William Gilmore 0-0: Swinging Strike
0-1: Swinging Strike
0-2: Ball
1-2: Ball
2-2: Ball
3-2: Foul Ball, location: 2F
3-2: Strikes out swinging
Batting: RHB Frank Music 0-0: Called Strike
0-1: Ball
1-1: Called Strike
1-2: Ball
2-2: Strikes out swinging, 2-3 out at first.
Top of the 5th over - 2 run(s), 3 hit(s), 0 error(s), 1 left on base; Texas 7 - Colorado 2
BOTTOM OF THE 5TH
Colorado Buffaloes batting - Pitching for Texas Longhorns : RHP Terry Mendoza
Batting: RHB Jeff Atkinson 0-0: Ball
1-0: Ball
2-0: DOUBLE (Flyball, 89M)
Batting: SHB Justin Collier 0-0: Ball
1-0: Foul Ball, location: 2F
1-1: Ball
2-1: Ground out 4-3 (Groundball, 4)
Jeff Atkinson to third
Batting: RHB Eddie Woods 0-0: Ball
1-0: Called Strike
1-1: Called Strike
1-2: Ball
2-2: Ball
3-2: SINGLE (Groundball, 34D)
Jeff Atkinson scores
Batting: LHB Claudio Jaramillo 0-0: Foul Ball, location: 2F
0-1: Ball
1-1: Swinging Strike
1-2: Ball
Wild Pitch!
Eddie Woods to second
2-2: Ground out U3 (Groundball, 3L)
Eddie Woods to third
Batting: RHB Preston Manning 0-0: Ball
1-0: Ball
2-0: Ball
3-0: Foul Ball, location: 2F
3-1: Base on Balls
Batting: LHB Wayne Morgan 0-0: Swinging Strike
0-1: Ball
1-1: Foul Ball, location: 2F
1-2: Ball
2-2: 3-RUN HOME RUN (Line Drive, 89XD), Distance : 387 ft
Batting: RHB Bill Peterson 0-0: Swinging Strike
0-1: Called Strike
0-2: Foul Ball, location: 2F
0-2: Fly out, F2 (Popup, 2L)
Bottom of the 5th over - 4 run(s), 3 hit(s), 0 error(s), 0 left on base; Texas 7 - Colorado 6
TOP OF THE 6TH
Texas Longhorns batting - Pitching for Colorado Buffaloes : LHP David Rodríguez
Pitching: LHP Mark Harper
Batting: SHB Fabio Morán 0-0: Ball
1-0: Foul Ball, location: 2F
1-1: Foul Ball, location: 2F
1-2: SOLO HOME RUN (Flyball, 7LD), Distance : 312 ft
Batting: SHB Dave Hickman 0-0: Ball
1-0: Swinging Strike
1-1: Ball
2-1: Foul Ball, location: 2F
2-2: Strikes out swinging
Batting: SHB Randy Anderson 0-0: Ground out 5-3 (Groundball, 56S)
Batting: RHB Gabriel Byram 0-0: Called Strike
0-1: Ball
1-1: Called Strike
1-2: Ball
2-2: Foul Ball, location: 2F
2-2: Strikes out swinging
Top of the 6th over - 1 run(s), 1 hit(s), 0 error(s), 0 left on base; Texas 8 - Colorado 6
BOTTOM OF THE 6TH
Colorado Buffaloes batting - Pitching for Texas Longhorns : RHP Terry Mendoza
Pitching: RHP Dan Garrett
Batting: RHB Jason Taylor 0-0: Ball
1-0: Ball
2-0: Called Strike
2-1: Ground out 5-3 (Groundball, 56)
Batting: SHB Edgardo Guzmán 0-0: Ball
1-0: Ball
2-0: Ball
3-0: Called Strike
3-1: Called Strike
3-2: Base on Balls
Batting: RHB Jeff Atkinson 0-0: Ball
1-0: Called Strike
1-1: Swinging Strike
1-2: Ball
2-2: Foul Ball, location: 2F
2-2: Strikes out looking
Batting: SHB Justin Collier 0-0: Called Strike
0-1: Ball
1-1: Swinging Strike
1-2: Fly out, F8 (Flyball, 8RM)
Bottom of the 6th over - 0 run(s), 0 hit(s), 0 error(s), 1 left on base; Texas 8 - Colorado 6
TOP OF THE 7TH
Texas Longhorns batting - Pitching for Colorado Buffaloes : LHP Mark Harper
Batting: RHB Quentin Barker 0-0: Fly out, F9 (Flyball, 9S)
Batting: SHB Del McNeill 0-0: Ball
1-0: Foul Ball, location: 2F
1-1: Foul Ball, location: 2F
1-2: Ball
2-2: Fly out, F5 (Line Drive, 6)
Batting: RHB Bob Cooper 0-0: Swinging Strike
0-1: Foul Ball, location: 2F
0-2: Ball
1-2: Strikes out swinging
Top of the 7th over - 0 run(s), 0 hit(s), 0 error(s), 0 left on base; Texas 8 - Colorado 6
BOTTOM OF THE 7TH
Colorado Buffaloes batting - Pitching for Texas Longhorns : RHP Dan Garrett
Batting: RHB Eddie Woods 0-0: Swinging Strike
0-1: Ball
1-1: Ball
2-1: Ball
3-1: Base on Balls
Batting: LHB Claudio Jaramillo 0-0: Called Strike
0-1: Called Strike
0-2: Ball
1-2: Foul Ball, location: 2F
1-2: Ball
Eddie Woods steals 2nd base
2-2: Ball
3-2: Foul Ball, location: 2F
3-2: Base on Balls
Pitching: LHP Enrique Movonda
Batting: RHB Preston Manning 0-0: Ball
1-0: Ball
Eddie Woods steals 3rd base
Claudio Jaramillo to second
2-0: Called Strike
2-1: Ball
3-1: Foul Ball, location: 2F
3-2: 3-RUN HOME RUN (Flyball, 89XD), Distance : 389 ft
Batting: LHB Wayne Morgan 0-0: Called Strike
0-1: Ball
1-1: Foul Ball, location: 2F
1-2: Ball
2-2: Ball
3-2: Foul Ball, location: 2F
3-2: Foul Ball, location: 2F
3-2: Base on Balls
Batting: RHB Bill Peterson 0-0: Ball
1-0: Swinging Strike
1-1: Swinging Strike
1-2: Ball
2-2: Strikes out swinging
Batting: RHB Jason Taylor 0-0: Called Strike
0-1: Ball
1-1: Called Strike
1-2: Foul Ball, location: 2F
1-2: Grounds into double play, 5-4-3 (Groundball, 56)
Bottom of the 7th over - 3 run(s), 1 hit(s), 0 error(s), 0 left on base; Texas 8 - Colorado 9
TOP OF THE 8TH
Texas Longhorns batting - Pitching for Colorado Buffaloes : LHP Mark Harper
Pitching: RHP Geoff Reeves
Batting: RHB William Gilmore 0-0: Called Strike
0-1: SINGLE (Groundball, 25) (infield hit)
Batting: RHB Frank Music 0-0: Bunted foul
0-1: Ball
1-1: Ball
2-1: Ball
3-1: Ball
William Gilmore to second
Pitching: LHP José Cruz
Batting: SHB Fabio Morán 0-0: Called Strike
0-1: Ball
1-1: Swinging Strike
1-2: Strikes out swinging
Pitching: RHP Dan Salinas
Batting: SHB Dave Hickman 0-0: Ball
1-0: Ball
2-0: Ball
3-0: Called Strike
3-1: Base on Balls
William Gilmore to third
Frank Music to second
Pitching: LHP Andrew Mock
Batting: SHB Randy Anderson 0-0: SINGLE (Line Drive, 7S)
William Gilmore scores
Frank Music to third
Dave Hickman to second
Runner from 3rd tries for Home, SAFE, no throw
Batting: RHB Gabriel Byram 0-0: Ball
1-0: Foul Ball, location: 2F
1-1: Called Strike
1-2: Ball
2-2: SINGLE (Line Drive, 89M)
Dave Hickman to third
Randy Anderson to second
Runner from 3rd tries for Home, SAFE, no throw
Batting: RHB Quentin Barker 0-0: Ball
1-0: Ball
2-0: Fly out, F9 (Line Drive, 9)
Batting: SHB Del McNeill 0-0: Ball
1-0: Foul Ball, location: 2F
1-1: Ball
2-1: Called Strike
2-2: Ball
3-2: Base on Balls
Randy Anderson to third
Gabriel Byram to second
Batting: RHB Bob Cooper 0-0: Ball
1-0: Foul Ball, location: 2F
1-1: Foul Ball, location: 2F
1-2: Ball
2-2: SINGLE (Line Drive, 34D)
Randy Anderson scores
Gabriel Byram to third
Del McNeill to second
Runner from 3rd tries for Home, SAFE, no throw
Pitching: LHP Sherwood Scott
Batting: RHB William Gilmore 0-0: Swinging Strike
0-1: Fielders Choice at 2nd, 5-4 (Groundball, 56)
Top of the 8th over - 5 run(s), 4 hit(s), 0 error(s), 1 left on base; Texas 13 - Colorado 9
BOTTOM OF THE 8TH
Colorado Buffaloes batting - Pitching for Texas Longhorns : RHP Jack Muttart
Pitching: RHP Jack Muttart
Batting: SHB Edgardo Guzmán 0-0: Ball
1-0: Ground out 3-1 (Groundball, 34)
Batting: RHB Jeff Atkinson 0-0: Called Strike
0-1: Ball
1-1: Foul Ball, location: 2F
1-2: Fly out, F8 (Flyball, 89S)
Batting: SHB Justin Collier 0-0: Ball
1-0: Foul Ball, location: 2F
1-1: Called Strike
1-2: Strikes out swinging
Bottom of the 8th over - 0 run(s), 0 hit(s), 0 error(s), 0 left on base; Texas 13 - Colorado 9
TOP OF THE 9TH
Texas Longhorns batting - Pitching for Colorado Buffaloes : LHP Sherwood Scott
Batting: RHB Frank Music 0-0: Foul Ball, location: 2F
0-1: Ball
1-1: Foul Ball, location: 2F
1-2: Ball
2-2: Ball
3-2: Base on Balls
Batting: SHB Fabio Morán 0-0: Ball
1-0: Foul Ball, location: 2F
1-1: Foul Ball, location: 2F
1-2: Ball
2-2: Strikes out swinging
Batting: SHB Dave Hickman 0-0: Ball
1-0: Ball
2-0: Ball
3-0: Called Strike
3-1: Fly out, F8 (Flyball, 8LM)
Batting: SHB Randy Anderson 0-0: Ball
1-0: Ball
2-0: Called Strike
2-1: Foul Ball, location: 2F
2-2: Foul Ball, location: 2F
2-2: Hit by Pitch
Frank Music to second
Batting: RHB Gabriel Byram 0-0: Called Strike
0-1: Foul Ball, location: 2F
0-2: Ball
1-2: Foul Ball, location: 2F
1-2: Fielders Choice at 2nd, 4-6 (Groundball, 4)
Top of the 9th over - 0 run(s), 0 hit(s), 0 error(s), 1 left on base; Texas 13 - Colorado 9
BOTTOM OF THE 9TH
Colorado Buffaloes batting - Pitching for Texas Longhorns : RHP Jack Muttart
Batting: RHB Eddie Woods 0-0: Called Strike
0-1: Foul Ball, location: 2F
0-2: Ball
1-2: Ball
2-2: Ball
3-2: Foul Ball, location: 2F
3-2: Fly out, F9 (Flyball, 9)
Batting: LHB Claudio Jaramillo 0-0: Ball
1-0: Ball
2-0: Foul Ball, location: 2F
2-1: Foul Ball, location: 2F
2-2: Foul Ball, location: 2F
2-2: Foul Ball, location: 2F
2-2: Ball
3-2: Fly out, F4 (Popup, 4)
Batting: RHB Preston Manning 0-0: Ball
1-0: Ball
2-0: Ball
3-0: Called Strike
3-1: Fly out, F3 (Line Drive, 34)
Bottom of the 9th over - 0 run(s), 0 hit(s), 0 error(s), 0 left on base; Texas 13 - Colorado 9
Tuesday, August 8th, 2017 - OOTP Baseball 17.12 Build 75